 Dungeon Crawl Stone Soup version 0.26-a0-708-g17f3b190f9 (webtiles) character file.

Game seed: 11166419028323507730

223 Ijustatesigmund the Skirmisher (level 6, 0/44 HPs)
             Began as an Octopode Fighter on Oct 29, 2020.
             Slain by a goblin (3 damage)
             ... led by Robin
             ... on level 2 of the Dungeon.
             The game lasted 00:02:25 (1473 turns).

Ijustatesigmund the Skirmisher (Octopode Fighter)   Turns: 1473, Time: 00:02:26

Health: 0/44       AC:  1    Str: 15    XL:     6   Next: 0%
Magic:  6/6        EV: 12    Int: 11    God:
Gold:   128        SH:  8    Dex: 13    Spells: 5/5 levels left

rFire    . . .     SeeInvis .   a - +0 war axe
rCold    . . .     Faith    .   b - +0 kite shield
rNeg     . . .     Spirit   .   (helmet restricted)
rPois    +         Reflect  .   (no amulet)
rElec    .         Harm     .   g - ring of poison resistance
rCorr    .         Rampage  .   (no ring)
MR       .....                  (no ring)
Stlth    ++++......             (no ring)
HPRegen  0.14/turn              (no ring)
MPRegen  0.10/turn              (no ring)
                                (no ring)
                                (no ring)

@: mighty, stab
A: almost no armour, stealthy swim, amphibious, 8 rings, constrict 8, camouflage
1, gelatinous body 1
a: no special abilities


You were on level 2 of the Dungeon.
You visited 1 branch of the dungeon, and saw 2 of its levels.

You collected 128 gold pieces.

Inventory:

Hand Weapons
 a - a +0 war axe (weapon)
Armour
 b - a +0 kite shield (worn)
Jewellery
 g - a ring of poison resistance (left tentacle)
Scrolls
 d - 2 scrolls of amnesia
 e - a scroll of remove curse
 f - a scroll of teleportation
Potions
 h - a potion of brilliance


   Skills:
 + Level 4.4 Fighting
 + Level 3.7 Axes
 - Level 3.0 Dodging
 + Level 4.4 Stealth
 - Level 3.0 Shields


You had 5 spell levels left.
You didn't know any spells.
Your spell library was empty.

Dungeon Overview and Level Annotations

Branches:
Dungeon (2/15)

Altars:

Annotations:
D:2 Robin


Innate Abilities, Weirdness & Mutations

You cannot wear most types of armour.
You are very stealthy in the water. (Stealth+)
You are amphibious.
You can wear up to eight rings at the same time.
You can use your tentacles to constrict eight enemies at once.
Your skin changes colour to match your surroundings (Stealth+).
Your rubbery body absorbs attacks. (AC +1, EV +1)


Message History

You kill the goblin!
You closely miss the goblin. The goblin hits you but does no damage.
Robin says, "Feeling lonely?"
You slash the goblin!
You kill the goblin!
Robin throws the goblin at you! You block the goblin's attack.
The goblin hits you but does no damage.
You barely miss the goblin. You hit the goblin.
You kill the goblin!
You have reached level 6!
Your experience leads to an increase in your attributes!
Increase (S)trength, (I)ntelligence, or (D)exterity?
You feel agile.
You feel less wooden. The goblin hits you.
* * * LOW HITPOINT WARNING * * *
Robin throws the goblin at you!
* * * LOW HITPOINT WARNING * * *
The goblin hits you.
You die... # ....... ..... ..... ### ... ... ggg

### #g# #g#
#.####### #@#
#.......# #g#
#.#####.####.#
#..†....).#
#.##.######
#.##.# ###.
#.##.# ....
#.##.#
########.##†#


You could see Robin, 3 hobgoblins and 2 goblins.

Vanquished Creatures
  Sigmund (D:2)
  Terence (D:2)
  A worm (D:2)
  A leopard gecko (D:1)
  An orc (D:2)
  A ball python (D:1)
  A bat (D:2)
  11 goblins
  3 hobgoblins
  3 jackals (D:2)
  2 frilled lizards (D:1)
  3 kobolds
  4 rats
33 creatures vanquished.

Notes
Turn   | Place    | Note
-------+----------+-------------------------------------------
     0 | D:1      | Ijustatesigmund the Octopode Fighter began the quest for
                  | the Orb.
     0 | D:1      | Reached XP level 1. HP: 16/16 MP: 1/1
   191 | D:1      | Reached skill level 1 in Stealth
   197 | D:1      | Reached XP level 2. HP: 14/21 MP: 2/2
   860 | D:2      | Reached XP level 3. HP: 18/26 MP: 3/3
  1009 | D:2      | Noticed Terence
  1018 | D:2      | Killed Terence
  1442 | D:2      | Noticed Sigmund
  1443 | D:2      | Noticed Robin
  1462 | D:2      | Killed Sigmund
  1462 | D:2      | Reached XP level 4. HP: 10/34 MP: 4/4
  1462 | D:2      | Reached XP level 5. HP: 11/38 MP: 5/5
  1473 | D:2      | Reached XP level 6. HP: 9/44 MP: 6/6
  1473 | D:2      | Slain by a goblin

Illustrated notes

Levels and vault maps discovered:
D:1:      grunt_arrival_crossed_arrows, layout_rooms
D:2:      layout_loops_ring, uniq_robin, uniq_sigmund, uniq_terence

Skill      XL: |  1  2  3 |
---------------+----------+-----
Stealth        | 1 4 |  4.4
Fighting       | 4 |  4.4
Axes           | 3 |  3.7
Dodging        | |  3.0
Shields        | |  3.0

Action                   |  1- 3 |  4- 6 || total
-------------------------+-------+-------++-------
Melee: War axe           |    56 |     7 ||    63
       Constrict         |    11 |       ||    11
       Tentacles         |     3 |       ||     3
  Use: Potion            |     7 |       ||     7
       Scroll            |       |     4 ||     4
 Stab: Sleeping          |     6 |       ||     6
Armor: Skin              |     8 |     9 ||    17
Dodge: Dodged            |    21 |     2 ||    23
Block: Kite shield       |    28 |     8 ||    36

Table legend: (Time is in decaauts)
 A = Elapsed time spent in this place.
 B = Non-inter-level travel time spent in this place.
 C = Inter-level travel time spent in this place.
 D = Time resting spent in this place.
 E = Time spent auto-exploring this place.
 F = Levels seen in this place.
 G = Mean time per level.
                   A        B        C        D        E       F      G
               +--------+--------+--------+--------+--------+-----+--------+
         Total |   1501 |   1481 |     20 |    401 |    873 |   2 |  750.5 |
       Dungeon |   1501 |   1481 |     20 |    401 |    873 |   2 |  750.5 |
               +--------+--------+--------+--------+--------+-----+--------+

Top non-repeatable levels by time:
     D:2: 900 daAuts
     D:1: 600 daAuts
